 Dungeon Crawl Stone Soup version 0.17.2-1-ge4368a0 (webtiles) character file.

40 Charly the Insei (level 3, -5/18 HPs)
             Began as a Vine Stalker Warper on July 9, 2017.
             Slain by an iguana (7 damage)
             ... on level 3 of the Dungeon.
             The game lasted 00:07:02 (622 turns).

Charly the Insei (Vine Stalker Warper)               Turns: 622, Time: 00:07:02

Health: -5/18      AC:  3    Str: 13    XL:     3   Next: 50%
Magic:  0/7        EV: 11    Int: 13    God:
Gold:   56         SH:  0    Dex: 14    Spells: 3 memorised, 1 level left

rFire  + . .     SeeInvis .       - Unarmed
rCold  x . .     Clarity  .     a - +0 leather armour
rNeg   . . .     SustAt   .     (no shield)
rPois  .         Gourm    .     (no helmet)
rElec  .         Spirit   +     (no cloak)
rCorr  .         Warding  .     (no gloves)
rMut   .         Stasis   .     (no boots)
MR     .....                    (no amulet)
Stlth  +.........               (no ring)
                                f - ring of fire

@: not resistant to hostile enchantments, very unstealthy
A: fangs 2, regeneration 1, magic shield, antimagic bite, no device heal 3, rot
immunity
a: no special abilities


You were on level 3 of the Dungeon.
You were not hungry.

You visited 1 branch of the dungeon, and saw 3 of its levels.

You collected 56 gold pieces.

Inventory:

Missiles
 d - 5 tomahawks of dispersal (quivered)
Armour
 a - a +0 leather armour (worn)
Jewellery
 f - a ring of fire (left hand)
Scrolls
 c - a scroll of blinking
 g - a scroll of fog {unknown}
 i - a scroll of remove curse {unknown}
 j - a scroll of teleportation {unknown}
Potions
 h - a potion of mutation {unknown}
 k - 2 potions of cure mutation {unknown}
Books
 b - a book of Spatial Translocations

   Spells                             Type                      Level
   a - Apportation                    Translocation                1
   b - Blink                          Translocation                2
   c - Shroud of Golubria             Charms/Translocation         2
   d - Portal Projectile              Translocation                3
   e - Teleport Other                 Translocation                3
   f - Passage of Golubria            Translocation                4
Comestibles
 e - a bread ration


   Skills:
 - Level 1.7 Fighting
 - Level 0.8 Throwing
 - Level 0.7 Armour
 - Level 1.5 Dodging
 + Level 3.8 Unarmed Combat
 - Level 2.1 Spellcasting
 - Level 3.0 Translocations


You had one spell level left.
You knew the following spells:

 Your Spells              Type           Power        Failure   Level  Hunger
a - Apportation           Tloc           #.........   12%         1    ##.....
b - Blink                 Tloc           N/A          14%         2    ###....
g - Shroud of Golubria    Chrm/Tloc      #.........   28%         2    ###....


Dungeon Overview and Level Annotations

Branches:
Dungeon (3/15)

Altars:
Elyvilon
Yredelemnul

Annotations:
D:3 Charly's ghost, weakling VSMo


Innate Abilities, Weirdness & Mutations

You have extremely sharp teeth.
Your natural rate of healing is unusually fast.
When hurt, damage is shared between your health and your magic reserves.
Your bite disrupts and absorbs the magic of your enemies.
Potions and wands cannot restore your health.
You are immune to rotting.


Message History

You hit the iguana. You bite the iguana, but do no damage.
The iguana is heavily wounded.
The iguana bites you.
* * * LOW HITPOINT WARNING * * *
You barely miss the iguana. Your bite misses the iguana.
The iguana is heavily wounded.
The iguana closely misses you.
You closely miss the iguana. You bite the iguana, but do no damage.
The iguana is heavily wounded.
Your shroud unravels.
The iguana bites you.
* * * LOW HITPOINT WARNING * * *
You hit the iguana. You bite the iguana, but do no damage.
The iguana is almost dead.
The iguana bites you.
* * * LOW HITPOINT WARNING * * *
You barely miss the iguana. You bite the iguana, but do no damage.
The iguana is almost dead.
The iguana bites you!
You die...

#.# ##### ####.# #.... .....#
#.### ###..# #.# # #..# #.###
###..# #.... .##..# ##### ..#..#
########## .##..# #..).gZl@# #
.##..# #.#########^#^ # l##..#
#.# #..^^#### # .#...# #g#
#_.^^'..####### .#.#.## #.#
#..^.##........
.#....###.#########.#. #........
.<...............# # ##.####...
##....##(.########## #..####.##
#........########.#####.........


You could see a spectral orc, an iguana and a hobgoblin.

Vanquished Creatures
  2 adders (D:2)
  A giant gecko (D:2)
  5 bats (D:2)
  2 giant cockroaches (D:1)
  A goblin (D:1)
  3 hobgoblins
  A quokka (D:2)
  A giant newt (D:2)
  5 kobolds
  A rat (D:2)
22 creatures vanquished.

Notes
Turn   | Place    | Note
--------------------------------------------------------------
     0 | D:1      | Charly the Vine Stalker Warper began the quest for the Orb.
     0 | D:1      | Reached XP level 1. HP: 11/11 MP: 4/4
    72 | D:2      | Reached XP level 2. HP: 12/15 MP: 6/6
   158 | D:3      | Noticed Charly's ghost (weakling VSMo)
   225 | D:3      | Found a white marble altar of Elyvilon.
   230 | D:3      | Learned a level 2 spell: Blink
   312 | D:2      | Reached XP level 3. HP: 12/18 MP: 3/7
   316 | D:2      | Learned a level 2 spell: Shroud of Golubria
   546 | D:3      | Found a basalt altar of Yredelemnul.
   622 | D:3      | Slain by an iguana

Action                   || total
-------------------------++-------
Melee: Unarmed           ||   107
 Cast: Blink             ||     5
       Shroud of Golubri ||     4
